 Dungeon Crawl Stone Soup version 0.18-a0-1323-g706dcef (webtiles) character file.

13932 ololoev the Destroyer (level 11, -3/48 HPs)
             Began as a Deep Elf Fire Elementalist on Feb 15, 2016.
             Was a High Priest of Sif Muna.
             Killed themself with a badly aimed fireball (14 damage)
             ... on level 12 of the Dungeon.
             The game lasted 00:52:57 (6240 turns).

ololoev the Destroyer (Deep Elf Fire Elementalist)  Turns: 6240, Time: 00:52:58

Health: -3/48      AC:  8    Str:  5    XL:     11   Next: 82%
Magic:  17/27      EV: 13    Int: 22    God:    Sif Muna [*****.]
Gold:   520        SH:  0    Dex: 15    Spells: 8 memorised, 8 levels left

rFire  . . .     SeeInvis .     a - staff of air
rCold  . . .     Gourm    .     e - +0 robe
rNeg   . . .     Faith    .     (no shield)
rPois  .         Spirit   .     (no helmet)
rElec  +         Dismiss  .     H - +2 cloak {+Inv}
rCorr  .         Reflect  .     (no gloves)
SustAt .         Harm     .     (no boots)
MR     ++...                    (no amulet)
Stlth  ++........               k - +3 ring of protection
                                x - ring of protection from magic

@: very resistant to hostile enchantments, unstealthy
A: dopey 1, frail 1
a: Channel Energy, Forget Spell, Renounce Religion, Evoke Invisibility


Innate Abilities, Weirdness & Mutations

You are dopey. (Int -2)
You are frail (-10% HP).

Inventory:

Hand Weapons
 b - a +2 flail of holy wrath
Missiles
 s - 8 curare-tipped needles
Armour
 e - a +0 robe (worn)
 t - the +5 large shield of the Wilderness {rElec rPois rC++ MR-}
   (You took it off a minotaur in a labyrinth)

   It greatly protects you from cold.
   It insulates you from electricity.
   It protects you from poison.
   It affects your resistance to hostile enchantments.
 H - a +2 cloak of invisibility (worn)
Magical Staves
 a - an uncursed staff of air (weapon)
Jewellery
 k - a +3 ring of protection (right hand)
 o - an uncursed ring of see invisible
 x - a ring of protection from magic (left hand)
 D - an uncursed ring of flight
 I - an uncursed ring of resist corrosion
Wands
 j - a wand of lightning (0/15)
Scrolls
 f - a scroll of fog
 g - 2 scrolls of remove curse
 h - 2 scrolls of immolation
 r - a scroll of amnesia {unknown}
 y - a scroll of holy word {unknown}
 z - 4 scrolls of teleportation
 C - a scroll of fear
 F - 2 scrolls of enchant armour
Potions
 d - 3 potions of curing
 i - 4 potions of lignification
 n - 4 potions of haste
 p - a potion of cancellation {unknown}
 v - a potion of might {unknown}
 w - 2 potions of flight
 A - a potion of degeneration {unknown}
 E - a potion of brilliance
Comestibles
 c - 10 bread rations
 l - 3 slices of pizza
 m - 16 chunks of flesh
 u - 8 royal jellies
 B - 4 fruits
 G - 2 meat rations


   Skills:
 - Level 2.4 Dodging
 - Level 2.4 Stealth
 + Level 10.6 Spellcasting
 * Level 12.1 Conjurations
 * Level 11.6 Fire Magic
 * Level 9.4 Invocations


You had 8 spell levels left.
You knew the following spells:

 Your Spells              Type           Power        Failure   Level  Hunger
a - Flame Tongue          Conj/Fire      #####        1%          1    None
b - Conjure Flame         Conj/Fire      ######..     1%          3    None
c - Sticky Flame          Conj/Fire      ######..     1%          4    #......
d - Fireball              Conj/Fire      ######....   1%          5    ####...
e - Inner Flame           Hex/Fire       #####...     1%          3    None
f - Blink                 Tloc           N/A          10%         2    None
g - Mephitic Cloud        Conj/Pois/Air  #####...     3%          3    None
r - Repel Missiles        Chrm/Air       ###...       10%         2    None


You were on level 12 of the Dungeon.
You worshipped Sif Muna.
Sif Muna was extremely pleased with you.
You were hungry.

You visited 2 branches of the dungeon, and saw 14 of its levels.
You also visited: Labyrinth.

You collected 520 gold pieces.

#..........#######...#
#...#
#....................#
#....................#
#.........##########.#
#.........# #.#
..........# #.#
..........# #.#
#∩.∩####..#####+####.##
#......#........@.....#
#∩.∩...# .......Z######
#......# ........#
#......# ........#
#...<.># ........#
+......# ........# ###
#......# ......... #.##
##+###+# .........
#..## #...##

Notes
Turn   | Place    | Note
--------------------------------------------------------------
     0 | D:1      | ololoev the Deep Elf Fire Elementalist began the quest for the Orb.
     0 | D:1      | Reached XP level 1. HP: 10/10 MP: 6/6
   158 | D:1      | Reached XP level 2. HP: 12/15 MP: 0/8
   341 | D:1      | Found a snail-covered altar of Cheibriados.
   535 | D:2      | Reached XP level 3. HP: 19/19 MP: 6/10
   553 | D:2      | Learned a level 3 spell: Conjure Flame
   557 | D:2      | Learned a level 3 spell: Inner Flame
   926 | D:3      | Found a burning altar of Makhleb.
  1080 | D:5      | Entered Level 5 of the Dungeon
  1080 | D:5      | Noticed an ice beast
  1090 | D:5      | Reached XP level 4. HP: 24/24 MP: 7/11
  1098 | D:5      | Killed an ice beast
  1098 | D:5      | Reached skill level 4 in Spellcasting
  1098 | D:5      | Reached XP level 5. HP: 28/28 MP: 4/13
  1104 | D:5      | Learned a level 4 spell: Sticky Flame
  1283 | D:5      | Found a shattered altar of Ashenzari.
  1284 | D:5      | Noticed Menkaure
  1285 | D:5      | Noticed a centaur
  1295 | D:5      | Killed Menkaure
  1295 | D:5      | Reached skill level 5 in Spellcasting
  1295 | D:5      | Reached skill level 5 in Conjurations
  1295 | D:5      | Reached XP level 6. HP: 26/32 MP: 6/15
  1401 | D:6      | Noticed an orc warrior
  1441 | D:5      | Found Meosaocw's Book Shoppe.
  1466 | D:5      | Reached skill level 6 in Conjurations
  1466 | D:5      | Reached skill level 5 in Fire Magic
  1466 | D:5      | Reached XP level 7. HP: 36/36 MP: 0/17
  1570 | D:5      | Found a staircase to the Ecumenical Temple.
  1577 | Temple   | Entered the Ecumenical Temple
  1704 | D:6      | Learned a level 5 spell: Fireball
  1710 | D:6      | Found a radiant altar of Vehumet.
  1718 | D:6      | Noticed a hill giant
  1731 | D:6      | Killed a hill giant
  1731 | D:6      | Reached skill level 7 in Conjurations
  1731 | D:6      | Reached XP level 8. HP: 41/41 MP: 1/20
  2092 | D:5      | Reached skill level 8 in Conjurations
  2586 | D:3      | Found an oddly glowing altar of Pakellas.
  2606 | D:3      | Found a deep blue altar of Sif Muna.
  2612 | D:3      | Became a worshipper of Sif Muna the Loreminder
  2626 | D:3      | Identified Sif Muna's Volume of Conjuration
  2711 | D:6      | Reached skill level 1 in Invocations
  2927 | D:6      | Learned a level 2 spell: Blink
  2930 | D:6      | Learned a level 2 spell: Repel Missiles
  3047 | D:7      | Reached XP level 9. HP: 40/45 MP: 4/22
  3134 | D:7      | Reached * piety under Sif Muna
  3260 | D:7      | Reached skill level 9 in Conjurations
  3527 | D:8      | Got a spiked chain mail
  3676 | D:8      | Noticed Erica
  3685 | D:8      | Killed Erica
  3685 | D:8      | Reached ** piety under Sif Muna
  3813 | D:8      | Reached skill level 5 in Invocations
  3994 | D:9      | Found a white marble altar of Elyvilon.
  3994 | D:9      | Found a shadowy altar of Dithmenos.
  3994 | D:9      | Found a glowing golden altar of the Shining One.
  3998 | D:9      | Found an iron altar of Okawaru.
  4001 | D:9      | Reached skill level 10 in Conjurations
  4001 | D:9      | Reached XP level 10. HP: 47/50 MP: 20/24
  4084 | D:10     | Entered Level 10 of the Dungeon
  4446 | D:9      | Identified a +0 rod of inaccuracy (9/9) (You found it on level 9 of the Dungeon)
  4513 | D:10     | Reached *** piety under Sif Muna
  4645 | D:11     | Learned a level 3 spell: Mephitic Cloud
  4689 | D:11     | Reached skill level 10 in Fire Magic
  4715 | D:11     | Gained mutation: Armour fits poorly on your strangely shaped body. [potion of mutation]
  4715 | D:11     | Gained mutation: Your spells are a little harder to cast, but a little more powerful. [potion of mutation]
  4716 | D:11     | Gained mutation: You have supernaturally acute eyesight. [potion of mutation]
  4716 | D:11     | Gained mutation: Your magical capacity is low (-10% MP). [potion of mutation]
  4716 | D:11     | Gained mutation: You are dopey. (Int -2) [potion of mutation]
  4717 | D:11     | Gained mutation: You have sharp toenails. [potion of mutation]
  4717 | D:11     | Lost mutation: Your spells are a little harder to cast, but a little more powerful. [potion of mutation]
  4718 | D:11     | Lost mutation: You have sharp toenails. [potion of cure mutation]
  4718 | D:11     | Lost mutation: Your magical capacity is low (-10% MP). [potion of cure mutation]
  4718 | D:11     | Lost mutation: You are dopey. (Int -2) [potion of cure mutation]
  4718 | D:11     | Lost mutation: You have supernaturally acute eyesight. [potion of cure mutation]
  4718 | D:11     | Lost mutation: Armour fits poorly on your strangely shaped body. [potion of cure mutation]
  4734 | D:11     | Noticed a hill giant
  4741 | D:11     | Killed a hill giant
  4848 | D:11     | Reached skill level 11 in Conjurations
  4887 | D:11     | Noticed an unseen horror
  4890 | D:11     | Killed an unseen horror
  4906 | D:11     | Reached XP level 11. HP: 54/54 MP: 12/26
  4910 | D:11     | Found a staircase to the Lair.
  5075 | D:12     | Reached **** piety under Sif Muna
  5193 | D:11     | Noticed Erolcha
  5198 | D:11     | Killed Erolcha
  5232 | D:12     | Found Recuab's Book Shop.
  5259 | D:12     | Noticed a hill giant
  5268 | D:12     | Reached skill level 10 in Spellcasting
  5299 | D:13     | Found a white marble altar of Elyvilon.
  5365 | D:13     | Noticed a red ugly thing
  5416 | D:13     | Killed a red ugly thing
  5480 | D:13     | Found a labyrinth entrance.
  5497 | Lab      | Entered a labyrinth
  5883 | Lab      | Noticed a minotaur
  5891 | Lab      | Killed a minotaur
  5891 | Lab      | Reached ***** piety under Sif Muna
  5895 | Lab      | Got a translucent large shield
  5902 | Lab      | Identified the +5 large shield of the Wilderness {rElec rPois rC++ MR-} (You took it off a minotaur in a labyrinth)
  5990 | D:13     | Noticed a cyan ugly thing
  5994 | D:13     | Killed a cyan ugly thing
  6041 | D:12     | Noticed a cyan ugly thing
  6045 | D:12     | Killed a cyan ugly thing
  6045 | D:12     | Reached skill level 12 in Conjurations
  6064 | D:12     | Gained mutation: You are dopey. (Int -2) [mutagenic meat]
  6087 | D:13     | Gained mutation: You are frail (-10% HP). [mutagenic meat]
  6133 | D:12     | Noticed a hill giant
  6137 | D:12     | Killed a hill giant
  6240 | D:12     | Killed themself with a badly aimed fireball

Dungeon Overview and Level Annotations

Branches:
Dungeon (13/15)            Temple (1/1) D:5            Lair (0/8) D:11
    Orc: D:9-12      Vaults: D:13-14

Altars:
Ashenzari
Cheibriados
Dithmenos
Elyvilon
Fedhas
Gozag
Kikubaaqudgha
Makhleb
Nemelex Xobeh
Okawaru
Pakellas
Qazlal
Ru
Sif Muna
Trog
Vehumet
Xom
Zin
The Shining One

Shops:
D:5 :   D:12 :


Message History

You are feeling very hungry.
Use which ability? (? or * to list)
You channel some magical energy.
You feel somewhat more hungry.
Use which ability? (? or * to list)
You channel some magical energy.
You feel somewhat more hungry.
Things that are here:
a yak corpse x2
Butcher a yak corpse? [(y)es/(c)hoosy/(n)o/(a)ll/(e)dible/(q)uit/?]
You butcher the yak corpse. x2
m - 11 chunks of flesh (gained 6);
m - 17 chunks of flesh (gained 6)
You see here a yak skeleton.
Eat one of 17 chunks of flesh? (ye/n/q/i?) This raw flesh tastes terrible.
You continue eating. x2
There is an open door here.
You see here an arrow.
You are feeling hungry.
A centaur zombie comes into view.
Casting: Sticky Flame
Confirm with . or Enter, or press ? or * to list all spells.
Aiming: Fireball
Press: ? - help, Shift-Dir - straight line, f - centaur zombie
Aim: a centaur zombie The fireball explodes!
The fireball engulfs the centaur zombie.
Casting: Fireball
Confirm with . or Enter, or press ? or * to list all spells.
Aiming: Fireball
Press: ? - help, Shift-Dir - straight line, f/p - centaur zombie
Aim: a centaur zombie That beam is likely to hit you.
Continue anyway?
Okay, then.
Unknown command.
Casting: Fireball
Confirm with . or Enter, or press ? or * to list all spells.
Aiming: Fireball
Press: ? - help, Shift-Dir - straight line, p - centaur zombie That beam is likely to hit you.
Continue anyway?
The fireball explodes!
The fireball engulfs you!
You die...

You could see a centaur zombie.

Vanquished Creatures
  A minotaur (Lab)
  Erolcha (D:11)
  Erica (D:8)
  An unseen horror (D:11)
  3 hill giants
  3 ugly things
  2 centaur zombies
  3 trolls
  A two-headed ogre (D:11)
  A slime creature (D:11)
  A vampire (D:10)
  2 wyverns (D:13)
  A water elemental (D:11)
  6 yaks (D:12)
  6 vampire mosquitoes
  Menkaure (D:5)
  A hippogriff (D:7)
  A steam dragon (D:10)
  2 wolves (D:11)
  A mottled dragon (D:11)
  A soldier ant (D:12)
  4 ice beasts
  3 orc warriors
  2 sky beasts (D:10)
  A phantom (D:5)
  2 ogres
  A crocodile (D:9)
  5 centaurs
  5 giant frogs
  2 scorpions
  3 killer bees (D:12)
  6 wights
  4 electric eels (D:9)
  4 crimson imps
  12 hounds
  A giant frog zombie (D:11)
  6 jellies
  A giant frog skeleton (D:9)
  2 centaur skeletons
  6 orc priests
  6 orc wizards
  2 iguanas
  3 worker ants
  A killer bee zombie (D:5)
  2 hound skeletons
  9 gnolls
  9 adders
  2 shadow imps
  7 oozes
  An adder zombie (D:8)
  2 adder skeletons
  2 worms (D:2)
  6 giant geckos
  30 orcs
  3 giant cockroaches
  3 goblins
  5 hobgoblins
  18 jackals
  3 quokkas
  A ball python (D:1)
  6 bats
  A giant gecko skeleton (D:6)
  A giant gecko zombie (D:6)
  8 giant newts
  5 kobolds
  7 rats
253 creatures vanquished.

Action                   |  1- 3 |  4- 6 |  7- 9 | 10-12 || total
-------------------------+-------+-------+-------+-------++-------
Melee: Unarmed           |     9 |       |       |       ||     9
       Spear             |     2 |    28 |    28 |       ||    58
       Flail             |       |       |    21 |    27 ||    48
       Staff             |       |       |     7 |     8 ||    15
 Cast: Flame Tongue      |    64 |    48 |   169 |    54 ||   335
       Conjure Flame     |     2 |     3 |    17 |     8 ||    30
       Inner Flame       |     1 |       |    11 |     2 ||    14
       Sticky Flame      |       |       |    12 |    21 ||    33
       Fireball          |       |       |    13 |    81 ||    94
       Repel Missiles    |       |       |     1 |     1 ||     2
       Mephitic Cloud    |       |       |       |     1 ||     1
Invok: Channel Energy    |       |       |    53 |   143 ||   196
 Abil: Evoke Flight      |       |       |       |     1 ||     1
Evoke: Wand              |       |     6 |       |     1 ||     7
       Deck              |       |       |       |     4 ||     4
  Use: Scroll            |       |     5 |    11 |     8 ||    24
       Potion            |       |     1 |     6 |    10 ||    17
 Stab: Sleeping          |       |       |     2 |     1 ||     3
       Invisible         |       |       |     3 |       ||     3
  Eat: Chunk             |       |     2 |    14 |    31 ||    47
       Meat ration       |       |       |     1 |     1 ||     2
       Beef jerky        |       |       |     1 |     1 ||     2
       Royal jelly       |       |       |       |     3 ||     3

Vault maps used:
D:1:      eino_arrival_water_star, minmay_misc_feat_pillars, cheibriados_altar_1
D:2:      first_bread, minmay_misc_feat_four_crosses
D:3:      led_sif_book, lemuel_round_altar, grunt_pakellas_mercury
D:5:      evilmike_ruin_ashenzari, minmay_temple_entry_glass, serial_shops,
          shop, uniq_menkaure
D:6:      fiery_altar_vehumet
D:8:      uniq_erica
D:9:      statuecave_lemuel, yredelemnul_forgotten_temple_becter,
          grunt_temple_overflow_open, serial_shops, kennysheep_mini_moat
D:10:     serial_glass, glass_columns_a, glass_columns_c, glass_columns_a,
          glass_columns_b
D:11:     erik_lair_island, hangedman_little_slice_of_home, uniq_erolcha
D:12:     hiddenorc1_lemuel, serial_shops,
          nicolae_shop_competitors_out_of_business
D:13:     lightli_vaults_fourway_checkpoint, lab_entry_generic, elyvilon_altar_1
Temple:   triangle_lava_temple_11
Lab:      labyrinth_green
